Workbook
Name Einheiten: Einstellungen!$F$17:$F$26
Name Kategorien: Einstellungen!$B$24:$B$28
Name MwStSaetze: Einstellungen!$C$18:$C$20
Name Statusliste: Einstellungen!$F$30:$F$33

Sheet Preisliste
A1: Musterbetrieb GmbH
A2: Preisliste 2026 · gültig ab 01.01.2026 · Preise in EUR (Netto zzgl. gesetzl. MwSt.)
A3: Musterbetrieb GmbH · Musterstraße 12, 10115 Berlin · Tel. +49 30 1234567 · info@musterbetrieb.de · www.musterbetrieb.de
A5: ARTIKEL GESAMT | D5: Ø VK BRUTTO | G5: KATEGORIEN | J5: GÜLTIG AB
A6: =COUNTA($B$10:$B$39) -> 17 | D6: =IFERROR(AVERAGE($H$10:$H$39),0) -> 205.75359 | G6: =COUNTA(Einstellungen!$B$24:$B$28) -> 5 | J6: =Einstellungen!$C$13 -> 46023
A8: ● Blau hinterlegt = Eingabe ● Grau = wird automatisch berechnet ▸ MwSt-Feld leer lassen → Standard-MwSt der Kategorie wird verwendet ▸ Stammdaten im Blatt »Einstellungen« pflegen
A9: Art.-Nr. | B9: Bezeichnung | C9: Kategorie | D9: Einheit | E9: VK netto | F9: MwSt % | G9: MwSt € | H9: VK brutto | I9: Rabatt % | J9: Aktionspreis | K9: Einkauf netto | L9: Marge % | M9: Status
A10: DL-1001 | B10: Beratung Standard | C10: Dienstleistungen | D10: Stunde | E10: 95 | G10: =IF($B10="","",$E10*IFERROR(IF($F10="",INDEX(Einstellungen!$C$24:$C$28,MATCH($C10,Einstellungen!$B$24:$B$28,0)),$F10),0)) -> 18.05 | H10: =IF($B10="","",$E10+$G10) -> 113.05 | J10: =IF($B10="","",$H10*(1-IF($I10="",0,$I10))) -> 113.05 | K10: 45 | L10: =IF($B10="","",IF(AND($K10<>"",$E10>0),($E10-$K10)/$E10,"")) -> 0.52631579 | M10: Aktiv
A11: DL-1002 | B11: Beratung Premium | C11: Dienstleistungen | D11: Stunde | E11: 140 | G11: =IF($B11="","",$E11*IFERROR(IF($F11="",INDEX(Einstellungen!$C$24:$C$28,MATCH($C11,Einstellungen!$B$24:$B$28,0)),$F11),0)) -> 26.6 | H11: =IF($B11="","",$E11+$G11) -> 166.6 | J11: =IF($B11="","",$H11*(1-IF($I11="",0,$I11))) -> 166.6 | K11: 60 | L11: =IF($B11="","",IF(AND($K11<>"",$E11>0),($E11-$K11)/$E11,"")) -> 0.57142857 | M11: Aktiv
A12: DL-1003 | B12: Projektpauschale Basis | C12: Dienstleistungen | D12: Pauschale | E12: 850 | G12: =IF($B12="","",$E12*IFERROR(IF($F12="",INDEX(Einstellungen!$C$24:$C$28,MATCH($C12,Einstellungen!$B$24:$B$28,0)),$F12),0)) -> 161.5 | H12: =IF($B12="","",$E12+$G12) -> 1011.5 | I12: 0.05 | J12: =IF($B12="","",$H12*(1-IF($I12="",0,$I12))) -> 960.925 | K12: 400 | L12: =IF($B12="","",IF(AND($K12<>"",$E12>0),($E12-$K12)/$E12,"")) -> 0.52941176 | M12: Aktiv
A13: DL-1004 | B13: Schulung (halbtags) | C13: Dienstleistungen | D13: Pauschale | E13: 480 | G13: =IF($B13="","",$E13*IFERROR(IF($F13="",INDEX(Einstellungen!$C$24:$C$28,MATCH($C13,Einstellungen!$B$24:$B$28,0)),$F13),0)) -> 91.2 | H13: =IF($B13="","",$E13+$G13) -> 571.2 | J13: =IF($B13="","",$H13*(1-IF($I13="",0,$I13))) -> 571.2 | K13: 220 | L13: =IF($B13="","",IF(AND($K13<>"",$E13>0),($E13-$K13)/$E13,"")) -> 0.54166667 | M13: Neu
A14: HW-2001 | B14: Basismodul A | C14: Handelswaren | D14: Stück | E14: 120 | G14: =IF($B14="","",$E14*IFERROR(IF($F14="",INDEX(Einstellungen!$C$24:$C$28,MATCH($C14,Einstellungen!$B$24:$B$28,0)),$F14),0)) -> 22.8 | H14: =IF($B14="","",$E14+$G14) -> 142.8 | J14: =IF($B14="","",$H14*(1-IF($I14="",0,$I14))) -> 142.8 | K14: 78 | L14: =IF($B14="","",IF(AND($K14<>"",$E14>0),($E14-$K14)/$E14,"")) -> 0.35 | M14: Aktiv
A15: HW-2002 | B15: Erweiterungsmodul B | C15: Handelswaren | D15: Stück | E15: 89 | G15: =IF($B15="","",$E15*IFERROR(IF($F15="",INDEX(Einstellungen!$C$24:$C$28,MATCH($C15,Einstellungen!$B$24:$B$28,0)),$F15),0)) -> 16.91 | H15: =IF($B15="","",$E15+$G15) -> 105.91 | I15: 0.1 | J15: =IF($B15="","",$H15*(1-IF($I15="",0,$I15))) -> 95.319 | K15: 55 | L15: =IF($B15="","",IF(AND($K15<>"",$E15>0),($E15-$K15)/$E15,"")) -> 0.38202247 | M15: Aktiv
A16: HW-2003 | B16: Komplettset Standard | C16: Handelswaren | D16: Stück | E16: 349 | G16: =IF($B16="","",$E16*IFERROR(IF($F16="",INDEX(Einstellungen!$C$24:$C$28,MATCH($C16,Einstellungen!$B$24:$B$28,0)),$F16),0)) -> 66.31 | H16: =IF($B16="","",$E16+$G16) -> 415.31 | J16: =IF($B16="","",$H16*(1-IF($I16="",0,$I16))) -> 415.31 | K16: 210 | L16: =IF($B16="","",IF(AND($K16<>"",$E16>0),($E16-$K16)/$E16,"")) -> 0.3982808 | M16: Aktiv
A17: HW-2004 | B17: Komplettset Pro | C17: Handelswaren | D17: Stück | E17: 549 | G17: =IF($B17="","",$E17*IFERROR(IF($F17="",INDEX(Einstellungen!$C$24:$C$28,MATCH($C17,Einstellungen!$B$24:$B$28,0)),$F17),0)) -> 104.31 | H17: =IF($B17="","",$E17+$G17) -> 653.31 | I17: 0.08 | J17: =IF($B17="","",$H17*(1-IF($I17="",0,$I17))) -> 601.0452 | K17: 330 | L17: =IF($B17="","",IF(AND($K17<>"",$E17>0),($E17-$K17)/$E17,"")) -> 0.3989071 | M17: Auslaufend
A18: ZB-3001 | B18: Anschlusskabel 2 m | C18: Zubehör | D18: Stück | E18: 14.9 | G18: =IF($B18="","",$E18*IFERROR(IF($F18="",INDEX(Einstellungen!$C$24:$C$28,MATCH($C18,Einstellungen!$B$24:$B$28,0)),$F18),0)) -> 2.831 | H18: =IF($B18="","",$E18+$G18) -> 17.731 | J18: =IF($B18="","",$H18*(1-IF($I18="",0,$I18))) -> 17.731 | K18: 6.5 | L18: =IF($B18="","",IF(AND($K18<>"",$E18>0),($E18-$K18)/$E18,"")) -> 0.56375839 | M18: Aktiv
A19: ZB-3002 | B19: Adapter-Set | C19: Zubehör | D19: Packung | E19: 24.9 | G19: =IF($B19="","",$E19*IFERROR(IF($F19="",INDEX(Einstellungen!$C$24:$C$28,MATCH($C19,Einstellungen!$B$24:$B$28,0)),$F19),0)) -> 4.731 | H19: =IF($B19="","",$E19+$G19) -> 29.631 | J19: =IF($B19="","",$H19*(1-IF($I19="",0,$I19))) -> 29.631 | K19: 11 | L19: =IF($B19="","",IF(AND($K19<>"",$E19>0),($E19-$K19)/$E19,"")) -> 0.55823293 | M19: Aktiv
A20: ZB-3003 | B20: Schutzhülle | C20: Zubehör | D20: Stück | E20: 9.9 | G20: =IF($B20="","",$E20*IFERROR(IF($F20="",INDEX(Einstellungen!$C$24:$C$28,MATCH($C20,Einstellungen!$B$24:$B$28,0)),$F20),0)) -> 1.881 | H20: =IF($B20="","",$E20+$G20) -> 11.781 | I20: 0.15 | J20: =IF($B20="","",$H20*(1-IF($I20="",0,$I20))) -> 10.01385 | K20: 3.8 | L20: =IF($B20="","",IF(AND($K20<>"",$E20>0),($E20-$K20)/$E20,"")) -> 0.61616162 | M20: Aktiv
A21: VM-4001 | B21: Reinigungstücher | C21: Verbrauchsmaterial | D21: Packung | E21: 6.5 | G21: =IF($B21="","",$E21*IFERROR(IF($F21="",INDEX(Einstellungen!$C$24:$C$28,MATCH($C21,Einstellungen!$B$24:$B$28,0)),$F21),0)) -> 0.455 | H21: =IF($B21="","",$E21+$G21) -> 6.955 | J21: =IF($B21="","",$H21*(1-IF($I21="",0,$I21))) -> 6.955 | K21: 2.9 | L21: =IF($B21="","",IF(AND($K21<>"",$E21>0),($E21-$K21)/$E21,"")) -> 0.55384615 | M21: Aktiv
A22: VM-4002 | B22: Nachfüllpack | C22: Verbrauchsmaterial | D22: Stück | E22: 12 | F22: 0.07 | G22: =IF($B22="","",$E22*IFERROR(IF($F22="",INDEX(Einstellungen!$C$24:$C$28,MATCH($C22,Einstellungen!$B$24:$B$28,0)),$F22),0)) -> 0.84 | H22: =IF($B22="","",$E22+$G22) -> 12.84 | J22: =IF($B22="","",$H22*(1-IF($I22="",0,$I22))) -> 12.84 | K22: 5.5 | L22: =IF($B22="","",IF(AND($K22<>"",$E22>0),($E22-$K22)/$E22,"")) -> 0.54166667 | M22: Aktiv
A23: VM-4003 | B23: Etiketten (100 Stück) | C23: Verbrauchsmaterial | D23: Packung | E23: 8.9 | G23: =IF($B23="","",$E23*IFERROR(IF($F23="",INDEX(Einstellungen!$C$24:$C$28,MATCH($C23,Einstellungen!$B$24:$B$28,0)),$F23),0)) -> 0.623 | H23: =IF($B23="","",$E23+$G23) -> 9.523 | J23: =IF($B23="","",$H23*(1-IF($I23="",0,$I23))) -> 9.523 | K23: 3.5 | L23: =IF($B23="","",IF(AND($K23<>"",$E23>0),($E23-$K23)/$E23,"")) -> 0.60674157 | M23: Neu
A24: SW-5001 | B24: Wartungspaket Basis | C24: Service & Wartung | D24: Monat | E24: 39 | G24: =IF($B24="","",$E24*IFERROR(IF($F24="",INDEX(Einstellungen!$C$24:$C$28,MATCH($C24,Einstellungen!$B$24:$B$28,0)),$F24),0)) -> 7.41 | H24: =IF($B24="","",$E24+$G24) -> 46.41 | J24: =IF($B24="","",$H24*(1-IF($I24="",0,$I24))) -> 46.41 | K24: 15 | L24: =IF($B24="","",IF(AND($K24<>"",$E24>0),($E24-$K24)/$E24,"")) -> 0.61538462 | M24: Aktiv
A25: SW-5002 | B25: Wartungspaket Plus | C25: Service & Wartung | D25: Monat | E25: 69 | G25: =IF($B25="","",$E25*IFERROR(IF($F25="",INDEX(Einstellungen!$C$24:$C$28,MATCH($C25,Einstellungen!$B$24:$B$28,0)),$F25),0)) -> 13.11 | H25: =IF($B25="","",$E25+$G25) -> 82.11 | I25: 0.1 | J25: =IF($B25="","",$H25*(1-IF($I25="",0,$I25))) -> 73.899 | K25: 25 | L25: =IF($B25="","",IF(AND($K25<>"",$E25>0),($E25-$K25)/$E25,"")) -> 0.63768116 | M25: Aktiv
A26: SW-5003 | B26: Vor-Ort-Service | C26: Service & Wartung | D26: Stunde | E26: 85 | G26: =IF($B26="","",$E26*IFERROR(IF($F26="",INDEX(Einstellungen!$C$24:$C$28,MATCH($C26,Einstellungen!$B$24:$B$28,0)),$F26),0)) -> 16.15 | H26: =IF($B26="","",$E26+$G26) -> 101.15 | J26: =IF($B26="","",$H26*(1-IF($I26="",0,$I26))) -> 101.15 | K26: 40 | L26: =IF($B26="","",IF(AND($K26<>"",$E26>0),($E26-$K26)/$E26,"")) -> 0.52941176 | M26: Aktiv
G27: =IF($B27="","",$E27*IFERROR(IF($F27="",INDEX(Einstellungen!$C$24:$C$28,MATCH($C27,Einstellungen!$B$24:$B$28,0)),$F27),0)) | H27: =IF($B27="","",$E27+$G27) | J27: =IF($B27="","",$H27*(1-IF($I27="",0,$I27))) | L27: =IF($B27="","",IF(AND($K27<>"",$E27>0),($E27-$K27)/$E27,""))
G28: =IF($B28="","",$E28*IFERROR(IF($F28="",INDEX(Einstellungen!$C$24:$C$28,MATCH($C28,Einstellungen!$B$24:$B$28,0)),$F28),0)) | H28: =IF($B28="","",$E28+$G28) | J28: =IF($B28="","",$H28*(1-IF($I28="",0,$I28))) | L28: =IF($B28="","",IF(AND($K28<>"",$E28>0),($E28-$K28)/$E28,""))
G29: =IF($B29="","",$E29*IFERROR(IF($F29="",INDEX(Einstellungen!$C$24:$C$28,MATCH($C29,Einstellungen!$B$24:$B$28,0)),$F29),0)) | H29: =IF($B29="","",$E29+$G29) | J29: =IF($B29="","",$H29*(1-IF($I29="",0,$I29))) | L29: =IF($B29="","",IF(AND($K29<>"",$E29>0),($E29-$K29)/$E29,""))
G30: =IF($B30="","",$E30*IFERROR(IF($F30="",INDEX(Einstellungen!$C$24:$C$28,MATCH($C30,Einstellungen!$B$24:$B$28,0)),$F30),0)) | H30: =IF($B30="","",$E30+$G30) | J30: =IF($B30="","",$H30*(1-IF($I30="",0,$I30))) | L30: =IF($B30="","",IF(AND($K30<>"",$E30>0),($E30-$K30)/$E30,""))
G31: =IF($B31="","",$E31*IFERROR(IF($F31="",INDEX(Einstellungen!$C$24:$C$28,MATCH($C31,Einstellungen!$B$24:$B$28,0)),$F31),0)) | H31: =IF($B31="","",$E31+$G31) | J31: =IF($B31="","",$H31*(1-IF($I31="",0,$I31))) | L31: =IF($B31="","",IF(AND($K31<>"",$E31>0),($E31-$K31)/$E31,""))
G32: =IF($B32="","",$E32*IFERROR(IF($F32="",INDEX(Einstellungen!$C$24:$C$28,MATCH($C32,Einstellungen!$B$24:$B$28,0)),$F32),0)) | H32: =IF($B32="","",$E32+$G32) | J32: =IF($B32="","",$H32*(1-IF($I32="",0,$I32))) | L32: =IF($B32="","",IF(AND($K32<>"",$E32>0),($E32-$K32)/$E32,""))
G33: =IF($B33="","",$E33*IFERROR(IF($F33="",INDEX(Einstellungen!$C$24:$C$28,MATCH($C33,Einstellungen!$B$24:$B$28,0)),$F33),0)) | H33: =IF($B33="","",$E33+$G33) | J33: =IF($B33="","",$H33*(1-IF($I33="",0,$I33))) | L33: =IF($B33="","",IF(AND($K33<>"",$E33>0),($E33-$K33)/$E33,""))
G34: =IF($B34="","",$E34*IFERROR(IF($F34="",INDEX(Einstellungen!$C$24:$C$28,MATCH($C34,Einstellungen!$B$24:$B$28,0)),$F34),0)) | H34: =IF($B34="","",$E34+$G34) | J34: =IF($B34="","",$H34*(1-IF($I34="",0,$I34))) | L34: =IF($B34="","",IF(AND($K34<>"",$E34>0),($E34-$K34)/$E34,""))
G35: =IF($B35="","",$E35*IFERROR(IF($F35="",INDEX(Einstellungen!$C$24:$C$28,MATCH($C35,Einstellungen!$B$24:$B$28,0)),$F35),0)) | H35: =IF($B35="","",$E35+$G35) | J35: =IF($B35="","",$H35*(1-IF($I35="",0,$I35))) | L35: =IF($B35="","",IF(AND($K35<>"",$E35>0),($E35-$K35)/$E35,""))
G36: =IF($B36="","",$E36*IFERROR(IF($F36="",INDEX(Einstellungen!$C$24:$C$28,MATCH($C36,Einstellungen!$B$24:$B$28,0)),$F36),0)) | H36: =IF($B36="","",$E36+$G36) | J36: =IF($B36="","",$H36*(1-IF($I36="",0,$I36))) | L36: =IF($B36="","",IF(AND($K36<>"",$E36>0),($E36-$K36)/$E36,""))
G37: =IF($B37="","",$E37*IFERROR(IF($F37="",INDEX(Einstellungen!$C$24:$C$28,MATCH($C37,Einstellungen!$B$24:$B$28,0)),$F37),0)) | H37: =IF($B37="","",$E37+$G37) | J37: =IF($B37="","",$H37*(1-IF($I37="",0,$I37))) | L37: =IF($B37="","",IF(AND($K37<>"",$E37>0),($E37-$K37)/$E37,""))
G38: =IF($B38="","",$E38*IFERROR(IF($F38="",INDEX(Einstellungen!$C$24:$C$28,MATCH($C38,Einstellungen!$B$24:$B$28,0)),$F38),0)) | H38: =IF($B38="","",$E38+$G38) | J38: =IF($B38="","",$H38*(1-IF($I38="",0,$I38))) | L38: =IF($B38="","",IF(AND($K38<>"",$E38>0),($E38-$K38)/$E38,""))
G39: =IF($B39="","",$E39*IFERROR(IF($F39="",INDEX(Einstellungen!$C$24:$C$28,MATCH($C39,Einstellungen!$B$24:$B$28,0)),$F39),0)) | H39: =IF($B39="","",$E39+$G39) | J39: =IF($B39="","",$H39*(1-IF($I39="",0,$I39))) | L39: =IF($B39="","",IF(AND($K39<>"",$E39>0),($E39-$K39)/$E39,""))

Sheet Einstellungen
A1: Einstellungen · Stammdaten
A2: Hier zentrale Werte pflegen – sie steuern die Dropdown-Listen und Berechnungen im Blatt »Preisliste«.
B4: Firmendaten
B5: Firmenname | C5: Musterbetrieb GmbH
B6: Straße / Nr. | C6: Musterstraße 12
B7: PLZ / Ort | C7: 10115 Berlin
B8: Telefon | C8: +49 30 1234567
B9: E-Mail | C9: info@musterbetrieb.de
B10: Web | C10: www.musterbetrieb.de
B11: USt-IdNr. | C11: DE123456789
B12: Währung | C12: EUR
B13: Preisliste gültig ab | C13: 46023
B14: Preisstand / Version | C14: 2026-01
B16: MwSt-Sätze | F16: Einheiten
B17: Bezeichnung | C17: Satz | F17: Stück
B18: Standard | C18: 0.19 | F18: Stunde
B19: Ermäßigt | C19: 0.07 | F19: Pauschale
B20: Steuerfrei | C20: 0 | F20: Tag
F21: Monat
B22: Kategorien | F22: Packung
B23: Kategorie | C23: Standard-MwSt | F23: Meter
B24: Dienstleistungen | C24: 0.19 | F24: m²
B25: Handelswaren | C25: 0.19 | F25: kg
B26: Zubehör | C26: 0.19 | F26: Liter
B27: Verbrauchsmaterial | C27: 0.07
B28: Service & Wartung | C28: 0.19
F29: Status
F30: Aktiv
F31: Neu
F32: Auslaufend
F33: Inaktiv
